 Dungeon Crawl Stone Soup version 0.32-a0-818-gb728d0252e (webtiles) character file.

Game seed: 13666055180052411387

631215 Morbidden the Formicid Barricade (level 27, 217/217 HPs)
             Began as a Formicid Hunter on Feb 24, 2024.
             Was the Champion of Cheibriados.
             Quit the game on level 3 of the Depths on Mar 24, 2024.
             The game lasted 02:39:57 (72805 turns).

Morbidden the Formicid Barricade (Formicid Hunter) Turns: 72805, Time: 02:39:57

Health: 217/217    AC: 40    Str: 33    XL:     27
Magic:  40/40      EV: 27    Int: 39    God:    Cheibriados [******]
Gold:   6511       SH: 36    Dex: 56    Spells: 41/52 levels left

rFire   + + +        b - +9 triple sword (flame)
rCold   + + .        G - +0 tower shield
rNeg    . . .        P - +8 gold dragon scales
rPois   +            (helmet unavailable)
rElec   +            e - scarf {rC+ rF+}
rCorr   .            m - +1 pair of gloves of the Delightful God {Dex+5}
SInv    +            L - +1 pair of boots of Gehenna {*Corrode rF+ Str+3 Int+7}
Will    ++...        Z - amulet of regeneration Stlth
                     B - ring of the Aged Spreadsheets {rElec rF+ rC+ Dex+3}
HPRegen 0.00/turn    K - ring "Tyun" {AC+4 Dex+7}
MPRegen 0.27/turn

%: corrode self (3%), clarity
@: sick, studying Evocations, very slow
A: permanent stasis, dig shafts and tunnels, antennae 3, four strong arms,
iridescent scales 1, clarity, clever 1, cold vulnerability 1
}: 5/15 runes: decaying, slimy, silver, abyssal, gossamer
a: Dig, Shaft Self, Renounce Religion, Bend Time, Temporal Distortion, Slouch,
Step From Time


You were on level 3 of the Depths.
You worshipped Cheibriados.
Cheibriados was exalted by your worship.
You visited 13 branches of the dungeon, and saw 54 of its levels.
You visited the Abyss 1 time.
You visited 2 bazaars.
You also visited: Sewer, Wizlab and Desolation.

You collected 11465 gold pieces.
You spent 4954 gold pieces at shops.

Inventory:

Hand Weapons
 a - a +5 arbalest of flaming
 b - a +9 triple sword of flaming (weapon)
 u - the +8 Vampire's Tooth {megavamp}
   (You found it in the Desolation of Salt)
 J - the +9 quick blade of the Wolf {holy, rPois rN+}
   (You found it in a wizard's laboratory)

   rPois:     It protects you from poison.
   rN+:       It protects you from negative energy.
Missiles
 w - 3 throwing nets
 F - 22 curare-tipped darts
 R - a silver javelin
Armour
 e - a scarf of resistance (worn)
 m - the +1 pair of gloves of the Delightful God (worn) {Dex+5}
   (You found it on level 2 of the Vaults)

   Dex+5:     It affects your dexterity (+5).
 G - a +0 tower shield (worn)
 L - the +1 pair of boots of Gehenna (worn) {*Corrode rF+ Str+3 Int+7}
   (You found it on level 1 of the Lair of Beasts)

   Str+3:     It affects your strength (+3).
   Int+7:     It affects your intelligence (+7).
   rF+:       It protects you from fire.
   *Corrode:  It may corrode you when you take damage.
 P - +8 gold dragon scales (worn)
Jewellery
 i - the ring of Cecul {rPois rC++ Will- Dex+3 Stlth+}
   (You found it on level 2 of the Abyss)

   [ring of poison resistance]

   Dex+3:     It affects your dexterity (+3).
   rC++:      It greatly protects you from cold.
   rPois:     It protects you from poison.
   Will-:     It decreases your willpower.
   Stlth+:    It makes you more stealthy.
 k - a ring of resist corrosion
 n - the ring "Oqod" {rN+ Int+6 Dex+4 SInv}
   (You bought it in a shop in a bazaar)

   [ring of intelligence]

   Int+6:     It affects your intelligence (+6).
   Dex+4:     It affects your dexterity (+4).
   rN+:       It protects you from negative energy.
   SInv:      It lets you see invisible.
 A - the ring of Welih {MP+9 Int+3 Stlth+}
   (You found it on level 5 of the Vaults)

   [ring of magical power]

   Int+3:     It affects your intelligence (+3).
   MP+9:      It affects your magic capacity (+9).
   Stlth+:    It makes you more stealthy.
 B - the ring of the Aged Spreadsheets (left hand) {rElec rF+ rC+ Dex+3}
   (You found it on level 5 of the Vaults)

   [ring of protection from cold]

   Dex+3:     It affects your dexterity (+3).
   rF+:       It protects you from fire.
   rC+:       It protects you from cold.
   rElec:     It insulates you from electricity.
 K - the ring "Tyun" (right hand) {AC+4 Dex+7}
   (You bought it in a shop on level 4 of the Depths)

   [ring of protection]

   AC+4:      It affects your AC (+4).
   Dex+7:     It affects your dexterity (+7).
 U - an amulet of reflection
 Z - an amulet of regeneration (around neck)
Talismans
 H - a talisman of death
Wands
 j - a wand of light (16)
 r - a wand of flame (94) (quivered)
 E - a wand of iceblast (58)
 M - a wand of polymorph (16)
 N - a wand of mindburst (52)
 Q - a wand of paralysis (45)
 W - a wand of digging (32)
Scrolls
 f - 8 scrolls of brand weapon
 p - 7 scrolls of fear
 s - 6 scrolls of silence
 v - 6 scrolls of poison
 x - a scroll of butterflies
 y - 2 scrolls of immolation
 D - a scroll of torment
 V - 2 scrolls of amnesia
 X - 4 scrolls of fog
Potions
 c - 12 potions of enlightenment
 d - 9 potions of lignification
 g - 7 potions of curing
 h - 4 potions of magic
 l - 8 potions of ambrosia
 o - 8 potions of cancellation
 t - 9 potions of heal wounds
 C - 3 potions of might
 S - 7 potions of resistance
 T - 4 potions of mutation
Miscellaneous
 q - a tin of tremorstones (1/2)
 z - the horn of Geryon
 I - a phantom mirror
 O - a lightning rod (4/4)
 Y - a sack of spiders


   Skills:
 * Level 17.8 Fighting
 + Level 13.1(17.5) Short Blades
 * Level 18.8(20.2) Long Blades
 * Level 17.4 Ranged Weapons
 + Level 1.0 Throwing
 * Level 17.1 Armour
 * Level 13.6 Dodging
 + Level 3.7 Stealth
 O Level 27 Shields
 + Level 0.2 Unarmed Combat
 * Level 13.3 Spellcasting
 * Level 13.4 Summonings
 - Level 13.0 Invocations
 * Level 15.4 Evocations
 * Level 6.4 Shapeshifting


You had 41 spell levels left.
You knew the following spells:

 Your Spells              Type           Power      Damage    Failure   Level
a - Call Canine Familiar  Summ           92%        N/A       1%          3
b - Summon Cactus Giant   Summ           46%        N/A       9%          6
c - Call Imp              Summ           100%       N/A       1%          2

Your spell library contained the following spells:

 Spells                   Type           Power      Damage    Failure   Level
 Summon Small Mammal      Summ           100%       N/A       1%          1
 Summon Ice Beast         Ice/Summ       68%        N/A       2%          3
 Animate Armour           Summ/Erth      100%       N/A       9%          4
 Martyr's Knell           Necr/Summ      68%        N/A       9%          4
 Summon Blazeheart Golem  Fire/Summ      68%        N/A       9%          4
 Summon Lightning Spire   Summ/Air       68%        N/A       9%          4
 Apportation              Tloc           52%        N/A       14%         1
 Freeze                   Ice            100%       1d10      14%         1
 Kiss of Death            Conj/Necr      100%       2d13      14%         1
 Necrotise                Necr           100%       1d9       14%         1
 Sandblast                Erth           52%        2d12      14%         1
 Sting                    Conj/Alch      100%       1d9       14%         1
 Cigotuvi's Dreadful Rot  Necr/Alch/Air  52%        N/A       22%         2
 Jinxbite                 Hex            52%        N/A       22%         2
 Lesser Beckoning         Tloc           52%        N/A       22%         2
 Mercury Vapours          Alch/Air       52%        N/A       22%         2
 Momentum Strike          Conj/Tloc      52%        3d9       22%         2
 Scorch                   Fire           52%        2d7       22%         2
 Static Discharge         Conj/Air       52%        3-6/arc   22%         2
 Sublimation of Blood     Necr           26%        N/A       22%         2
 Summon Forest            Summ/Tloc      34%        N/A       24%         5
 Confusing Touch          Hex            26%        N/A       38%         3
 Dazzling Flash           Conj/Hex       52%        N/A       38%         3
 Frozen Ramparts          Ice            52%        1d8       38%         3
 Fugue of the Fallen      Necr           26%        N/A       38%         3
 Gell's Gravitas          Tloc           26%        N/A       38%         3
 Hailstorm                Conj/Ice       26%        3d7       38%         3
 Inner Flame              Hex/Fire       26%        N/A       38%         3
 Mephitic Cloud           Conj/Alch/Air  26%        N/A       38%         3
 Ozocubu's Armour         Ice            26%        N/A       38%         3
 Passwall                 Erth           26%        N/A       38%         3
 Sigil of Binding         Hex            26%        N/A       38%         3
 Stone Arrow              Conj/Erth      52%        3d10      38%         3
 Teleport Other           Tloc           26%        N/A       38%         3
 Vampiric Draining        Necr           26%        2d7       38%         3
 Volatile Blastmotes      Fire/Tloc      52%        2d14      38%         3
 Monstrous Menagerie      Summ           46%        N/A       43%         7
 Summon Hydra             Summ           46%        N/A       43%         7
 Anguish                  Hex/Necr       13%        N/A       80%         4
 Animate Dead             Necr           26%        N/A       80%         4
 Brom's Barrelling Bould  Conj/Erth      26%        2d5       80%         4
 Cause Fear               Hex            13%        N/A       80%         4
 Dimensional Bullseye     Hex/Tloc       13%        N/A       80%         4
 Dispel Undead            Necr           26%        3d13      80%         4
 Flame Wave               Conj/Fire      26%        2d8       80%         4
 Fulminant Prism          Conj/Alch      13%        3d9       80%         4
 Iskenderun's Mystic Bla  Conj/Tloc      26%        2d7       80%         4
 Leda's Liquefaction      Alch/Erth      13%        N/A       80%         4
 Manifold Assault         Tloc           26%        N/A       80%         4
 Olgreb's Toxic Radiance  Alch           26%        N/A       80%         4
 Passage of Golubria      Tloc           26%        N/A       80%         4
 Petrify                  Alch/Erth      26%        N/A       80%         4
 Sticky Flame             Fire/Alch      26%        2d6       80%         4
 Borgnjor's Vile Clutch   Necr/Erth      13%        N/A       98%         5
 Curse of Agony           Necr           26%        N/A       98%         5
 Freezing Cloud           Conj/Ice/Air   13%        6-21      98%         5
 Irradiate                Conj/Alch      13%        3d16      98%         5
 Iskenderun's Battlesphe  Conj           26%        2d8       98%         5
 Lee's Rapid Deconstruct  Erth           13%        3d9*      98%         5
 Metabolic Englaciation   Hex/Ice        13%        N/A       98%         5
 Silence                  Hex/Air        13%        N/A       98%         5
 Yara's Violent Unravell  Hex/Alch       13%        3d7       98%         5
 Bombard                  Conj/Erth      13%        9d3       100%        6
 Death Channel            Necr           13%        N/A       100%        6
 Dispersal                Tloc           13%        N/A       100%        6
 Sculpt Simulacrum        Ice/Alch       13%        N/A       100%        6
 Enfeeble                 Hex            13%        N/A       100%        7
 Haunt                    Necr/Summ      34%        N/A       100%        7
 Malign Gateway           Summ/Tloc      34%        N/A       100%        7
 Ozocubu's Refrigeration  Ice            13%        4d10      100%        7
 Spellforged Servitor     Conj/Summ      34%        N/A       100%        7
 Discord                  Hex            13%        N/A       100%        8
 Disjunction              Tloc           13%        N/A       100%        8
 Ignition                 Fire           13%        3d6       100%        8
 Infestation              Necr           13%        N/A       100%        8
 Lehudib's Crystal Spear  Conj/Erth      13%        10d4      100%        8
 Chain Lightning          Conj/Air       13%        3d17      100%        9
 Polar Vortex             Ice            13%        12d1*     100%        9
 Blink                    Tloc           Unusable   N/A       N/A         2

Dungeon Overview and Level Annotations

Branches:
Dungeon (15/15)            Temple (1/1) D:4            Lair (5/5) D:9
  Swamp (4/4) Lair:2       Spider (4/4) Lair:3        Slime (5/5) Lair:4
    Orc (2/2) D:12            Elf (3/3) Orc:2        Vaults (5/5) D:13
  Crypt (3/3) Vaults:3       Tomb (0/3) Crypt:3      Depths (4/4) D:15
   Hell (visited)             Dis (0/7) Hell            Geh (0/7) Hell
    Coc (0/7) Hell            Tar (0/7) Hell            Zot (2/5) Depths:4
  Sewer (visited)          WizLab (visited)         Desolation (visited)

Altars:
Ashenzari
Cheibriados
Dithmenos
Elyvilon
Fedhas
Gozag
Hepliaklqana
Kikubaaqudgha
Makhleb
Nemelex Xobeh
Okawaru
Qazlal
Ru
Sif Muna
Trog
Uskayaw
Vehumet
Wu Jian
Xom
Yredelemnul
Zin
The Shining One
Beogh
Jiyva

Shops:
D:3 !   Orc:2 (*[([   Elf:1 !   Vaults:3 =   Depths:1 *!   Depths:4 ::=

Portals:
Hell: Depths:1 Depths:2 Depths:3 Depths:4
Abyss: Depths:3
Pandemonium: Depths:1 Depths:2 Depths:4
Ziggurat: Depths:4

Annotations:
D:3 1 runed translucent door, Crazy Yiuf
D:4 3 runed translucent doors, Kiciri's ghost, amateur FoHu
D:8 6 transporters
D:10 1 runed translucent door
Lair:1 exclusion: 2 oklob plants
Swamp:1 1 runed translucent door, Vemobof's ghost, adept MiFi
Spider:2 1 transporter, Nuutul's ghost, adept SpEn
Depths:3 Boris
Zot:1 1 runed translucent door, Ydililac's ghost, legendary GrEE


Innate Abilities, Weirdness & Mutations

You cannot be hasted, slowed, berserked, paralysed or teleported.
You can dig through walls and to a lower floor.
You have a pair of large antennae on your head. (SInv)
Your four strong arms can wield two-handed weapons with a shield.
You are partially covered in iridescent scales. (AC +2)
You possess an exceptional clarity of mind.
Your mind is acute. (Int +4, Str/Dex -1)
You are vulnerable to cold. (rC-)


Message History

You barely miss the large abomination.
You block the large abomination's attack.
Unknown command.
You slice the large abomination like a ripe choko!!!
You burn the large abomination!
You destroy the large abomination!
Cheibriados appreciates the change of pace.
Unknown command.
No target in view!
Unknown command.
No target in view!
Unknown command.
There is a gateway leading out of the Abyss here.
You pass through the gate.
Welcome back to the Depths!
Level annotation: Boris
There is a one-way gate to the infinite horrors of the Abyss here.
Unknown command.
Unknown command.
Unknown command.
You see here 48 scrolls of identify.
Level annotation: Boris Welcome back, Morbidden the Formicid Hunter.
Cheibriados says: Take it easy.
Press ? for a list of commands and other information.
Level annotation: Boris Welcome back, Morbidden the Formicid Hunter.
Cheibriados says: Take it easy.
Press ? for a list of commands and other information.
Unknown command.
Unknown command.
Your +9 triple sword of flaming stops flaming.
Your +5 arbalest of flaming bursts into flame!
a - a +5 arbalest of flaming (weapon)
Unknown command.
Your +5 arbalest of flaming stops flaming.
Your +9 triple sword of flaming bursts into flame!
b - a +9 triple sword of flaming (weapon)
Unknown command.
Are you sure you want to abandon this character and quit the game? (Confirm with "yes".)

...........##.##.#
#........#.
........##########
###........ .......##
##.....#. .......# ###
##...... ......##
###.## ### #......
.....##
###....###.#####......
...###
#............##.......
..##
#..∩?.................
...#
#....@................
...##
##...............#####
....##
##..............##.##
.....#
##......###....#...#
.....######## #....###
##...#.♣.#
............# ##..##
##..#...#
#...#######.#####.#
###..##.##
#.©.#ß.⌠.ß#.#....##
#....#...#
#####..i.{#...####
#....#.∩['


There were no monsters in sight!

Vanquished Creatures
  Dissolution (Slime:2)
  the Royal Jelly (Slime:5)
  A dread lich (Vaults:5)
  Mara (Swamp:3)
  Sojobo (Crypt:3)
  2 Killer Klowns (Zot:2)
  Vv (Zot:1)
  Margery (Vaults:4)
  Saint Roka (Orc:2)
  Geryon (Hell)
  The ghost of mojasp the Slayer, an adept OnBe of Trog (Vaults:2)
  A profane servitor (Crypt:3)
  Nikola (Swamp:3)
  14 golden dragons
  Norris (Vaults:4)
  4 caustic shrikes (Depths:3)
  2 bone dragons
  A Cloud Mage (WizLab)
  A hellephant (Vaults:4)
  Jorgrun (Swamp:1)
  Mlioglotl (Swamp:4)
  4 tentacled monstrosities
  A walking earthen tome (Depths:2)
  The ghost of hitsuchi the Executioner, an adept MDCA of Ignis (Vaults:2)
  3 deep elf blademasters
  2 liches
  3 titans
  A walking divine tome (Depths:2)
  2 quicksilver dragons (Zot:1)
  6 sphinxes
  19 acid blobs
  2 deep elf master archers (Elf:3)
  7 death cobs (Zot:1)
  3 ancient champions (Crypt:3)
  8 tentacled starspawn
  An Executioner (Abyss:2)
  6 shadow dragons
  5 tengu reavers
  Roxanne (Swamp:2)
  Kirke (Lair:5)
  4 thorn hunters
  Donald (Swamp:4)
  Aizul (Swamp:4)
  4 storm dragons
  5 fire giants
  2 revenants
  4 draconian monks
  3 draconian knights
  6 azure jellies (Slime:5)
  13 rockslimes
  6 emperor scorpions
  2 protean progenitors (Zot:1)
  5 deep elf sorcerers
  A fenstrider witch (Swamp:3)
  3 imperial myrmidons (Desolation)
  A juggernaut zombie (Depths:2)
  5 draconian shifters
  3 draconian scorchers
  4 ghost moths
  17 vault wardens
  4 frost giants
  2 curse skulls
  2 caustic shrike zombies
  A balrug (Hell)
  6 ghouls
  7 deep elf elementalists (Elf:3)
  4 orc warlords
  2 draconian stormcallers (Zot:2)
  5 quicksilver oozes
  17 very ugly things
  5 reapers
  A draconian annihilator (Zot:1)
  2 broodmothers
  16 ironbound preservers
  14 stone giants
  6 deep elf demonologists
  4 vampire knights
  8 formless jellyfish
  5 ironbound thunderhulks
  5 black draconians
  Azrael (D:13)
  3 white draconians
  9 eleionomae
  2 lorocyprocas (Hell)
  3 green draconians
  6 deep elf annihilators (Elf:3)
  4 red draconians
  9 deep elf death magi
  11 dire elephants
  7 starcursed masses (Abyss:3)
  2 spark wasps
  4 war gargoyles
  4 halazid warlocks
  2 yellow draconians (Zot:2)
  2 purple draconians
  5 crystal guardians
  7 bunyips
  5 blizzard demons
  2 eidola
  Josephine (Orc:2)
  The ghost of anansati the Thaumaturge, a journeyman DsAE of Vehumet (Lair:3)
  The ghost of xsansara the Grappler, a journeyman TrFi of Wu Jian (Lair:1)
  7 ettins
  5 entropy weavers
  A spectral spriggan (Crypt:3)
  A kraken zombie (Hell)
  13 yaktaur captains
  A merfolk javelineer (Abyss:3)
  7 ragged hierophants (Desolation)
  11 great orbs of eyes
  8 deep elf high priests
  6 fire dragons
  20 hydras
  15 jiangshi
  Fannar (D:11)
  A jorogumo (Spider:2)
  3 shambling mangroves
  2 radroaches
  13 ice dragons
  2 hell beasts
  5 servants of whispers (Desolation)
  32 vault guards
  7 spriggan air magi
  3 boulder beetles
  11 peacekeepers
  3 rakshasas
  4 death knights
  16 centaur warriors
  8 ironbound frosthearts
  The ghost of Kuwn the Slicer, a journeyman HuDe of Makhleb (Orc:1)
  A fenstrider witch skeleton (Crypt:1)
  13 two-headed ogres
  3 ogre magi
  25 dancing weapons
  11 ghost crabs
  16 alligators
  3 hell hogs
  A satyr (Abyss:3)
  2 occultists
  A catoblepas (Lair:1)
  5 deep troll earth magi
  8 death yaks
  7 deep troll shamans
  10 demonic crawlers
  6 spriggan berserkers
  6 vampire magi
  A spectral storm dragon (Crypt:3)
  3 shock serpents (WizLab)
  3 tengu warriors (D:14)
  4 sun demons
  Urug (Orc:2)
  Nergalle (Lair:1)
  An orc high priest (Orc:2)
  A titan zombie (Abyss:2)
  5 wretched stars
  2 thrashing horrors
  2 soul eaters (Hell)
  5 hell knights
  A shock serpent (shapeshifter) (Depths:2)
  15 deep elf knights
  A skyshark (shapeshifter) (Vaults:5)
  A crystal echidna (Hell)
  2 skysharks (Vaults:4)
  43 deep trolls
  4 iron trolls
  3 shadow wraiths
  2 sixfirhies
  A fire crab (Lair:5)
  5 pharaoh ants
  A bunyip zombie (Crypt:1)
  28 skeletal warriors
  A salamander mystic (Depths:3)
  Lodul (D:11)
  2 anaconda zombies (Hell)
  A glowing orange brain (shapeshifter) (Depths:4)
  5 death drakes
  3 goliath frogs
  6 flayed ghosts
  12 orb spiders
  7 spriggan druids
  2 sun moths (Spider:4)
  3 glowing orange brains
  12 deep elf archers
  11 swamp dragons
  3 orange crystal statues (Hell)
  2 arcanists
  16 bog bodies
  11 lindwurms
  13 orc knights
  8 steelbarb worms
  17 ironbound convokers
  A shadow demon (Hell)
  8 harpies
  13 phantasmal warriors
  40 deep elf pyromancers
  30 deep elf zephyrmancers
  20 wolf spiders
  An anaconda skeleton (Abyss:2)
  6 necromancers
  41 ugly things
  A faun (shapeshifter) (Vaults:3)
  6 shining eyes
  3 oklob plants (Lair:1)
  8 orc sorcerers
  2 worldbinders
  3 salamanders (Depths:4)
  A glowing shapeshifter (Vaults:5)
  7 cyclopes
  5 will-o-the-wisps
  A frost giant zombie (Vaults:2)
  A tengu skeleton (Depths:2)
  A moth of wrath (Zot:1)
  A jorogumo skeleton (Crypt:1)
  8 large abominations
  15 elephants
  17 vault sentinels
  6 meliai
  A guardian serpent (shapeshifter) (D:13)
  3 ice statues
  3 manticores
  2 stone giant skeletons
  3 guardian serpents
  6 kobold blastminers
  4 torpor snails
  4 black mambas (Lair:5)
  A rust devil (Depths:1)
  4 molten gargoyles
  10 apocalypse crabs
  8 cane toads
  3 eyes of devastation
  A torpor snail (shapeshifter) (Vaults:5)
  2 gargoyles
  A black mamba (shapeshifter) (D:14)
  A centaur skeleton (Crypt:3)
  2 orange demons
  11 smoke demons
  A titan simulacrum (Depths:2)
  A kobold demonologist (D:11)
  An efreet (D:15)
  3 unseen horrors
  2 hellions
  A sea snake zombie (Hell)
  37 yaktaurs
  A green draconian zombie (Crypt:1)
  A black draconian zombie (Crypt:2)
  An alligator snapping turtle skeleton (Hell)
  3 rime drakes
  A tormentor (Abyss:3)
  7 ancient zymes
  8 freezing wraiths
  A death yak skeleton (Crypt:1)
  11 komodo dragons
  2 ice devils
  A spectral naga (Crypt:3)
  An anaconda simulacrum (Hell)
  6 tengu conjurers
  A sea snake skeleton (Hell)
  A queen bee (Lair:4)
  11 trolls
  A shadow dragon simulacrum (Hell)
  4 bloated husks
  37 tarantellas
  A polar bear (Lair:3)
  6 tyrant leeches
  3 merfolk (Zot:1)
  A raiju (shapeshifter) (D:13)
  2 wind drakes (WizLab)
  53 saltlings (Desolation)
  16 blink frogs
  A harpy skeleton (Abyss:2)
  16 hornets
  An iron dragon simulacrum (Hell)
  11 dream sheep (Lair:4)
  3 raiju
  4 glass eyes
  32 jumping spiders
  5 shadows
  A centaur simulacrum (D:14)
  89 slime creatures
  14 spriggans
  A ynoxinul (Abyss:1)
  13 culicivoras
  11 water elementals
  Sigmund (D:2)
  15 air elementals
  A nameless horror (Depths:1)
  10 wraiths
  5 fire elementals
  7 wyverns
  2 hogs (Lair:5)
  46 yaks
  6 basilisks
  Grum (Lair:1)
  2 spriggan skeletons
  A human (Lair:5)
  A steam dragon (D:8)
  6 wargs
  2 sea snake simulacra (Hell)
  2 chaos spawn (Abyss:3)
  An elf skeleton (Vaults:1)
  A neqoxec (Abyss:1)
  16 vampire mosquitoes
  49 redbacks
  A wind drake skeleton (Crypt:1)
  16 water moccasins
  7 swamp worms
  An acid dragon (D:7)
  A swamp worm (shapeshifter) (Abyss:2)
  8 hell hounds
  2 human skeletons
  10 swamp drakes
  An ogre skeleton (Vaults:1)
  31 orc warriors
  4 black bears
  31 laughing skulls
  13 ogres
  14 wolves
  6 boggarts
  A phantom (D:12)
  A brain worm (Sewer)
  Blork the orc (Orc:2)
  22 bullfrogs
  5 weeping skulls
  A brain worm (shapeshifter) (Abyss:2)
  6 kobold brigands
  3 earth elementals
  14 small abominations
  7 scorpions
  A burial acolyte (Crypt:3)
  2 troll skeletons (Crypt:2)
  26 killer bees
  A troll zombie (D:12)
  3 electric eels
  4 howler monkeys
  5 lava snakes (Lair:5)
  A quasit (Abyss:2)
  4 bombardier beetles
  A bullfrog skeleton (Crypt:1)
  11 jellies
  A gnoll bouda (D:8)
  5 hounds
  21 orc priests
  Ijyb (D:3)
  Terence (D:3)
  3 iguanas
  A sleepcap (D:8)
  17 orc wizards
  7 ogre zombies (D:12)
  A crocodile skeleton (Crypt:2)
  An acid dragon skeleton (Crypt:1)
  2 howler monkey zombies (Crypt:2)
  Robin (D:3)
  11 gnolls
  11 adders
  3 river rats
  A shadow imp (D:6)
  2 white imps
  3 ufetubi
  2 dart slugs (Sewer)
  3 ribbon worms (Sewer)
  96 orcs
  5 endoplasms
  8 giant cockroaches
  2 gnoll zombies (D:12)
  11 hobgoblins
  12 jackals
  5 quokkas
  12 ball pythons
  13 bats
  8 frilled lizards
  A frilled lizard zombie (Crypt:1)
  5 gnoll skeletons (D:12)
  18 goblins
  26 kobolds
  An orc skeleton (D:12)
  17 orc zombies (D:12)
  8 rats
  A river rat skeleton (Crypt:1)
  A spectral kobold (D:3)
  3 starspawn tentacles (Abyss:2)
  3 tentacles (Hell)
2549 creatures vanquished.

Vanquished Creatures (collateral kills)
  A revenant (Crypt:3)
  A deep elf high priest (Elf:1)
  A boulder beetle (D:14)
  An ironbound convoker (Vaults:5)
  An orc knight (Orc:1)
  A deep elf pyromancer (Elf:1)
  An ugly thing (D:14)
  A moth of wrath (Zot:1)
  A rust devil (Depths:2)
  A yaktaur (Vaults:5)
  A saltling (Desolation)
  A culicivora (Spider:1)
  A jumping spider (Spider:1)
  3 burial acolytes (Crypt:3)
16 creatures vanquished.

Vanquished Creatures (others)
  A dread lich (Vaults:5)
  A fire giant (Depths:2)
  A spark wasp (WizLab)
  3 deep elf knights
  A swamp dragon (Swamp:3)
  A steelbarb worm (Spider:1)
  An ironbound convoker (Desolation)
  A deep elf pyromancer (Elf:1)
  A deep elf zephyrmancer (Elf:3)
  A will-o-the-wisp (Swamp:3)
  A tengu conjurer (Depths:2)
  2 bloated husks (Swamp:3)
  A human (Lair:5)
  An orc wizard (D:10)
  A white imp (Abyss:2)
  42 foxfires
  A lurking horror (Abyss:3)
  9 starspawn tentacles
  A tentacle (Hell)
71 creatures vanquished.

Grand Total: 2636 creatures vanquished

Notes
Turn   | Place    | Note
-------+----------+-------------------------------------------
     0 | D:1      | Morbidden the Formicid Hunter began the quest for the Orb.
     0 | D:1      | Reached XP level 1. HP: 16/16 MP: 1/1
    36 | D:1      | Reached XP level 2. HP: 19/22 MP: 2/2
   460 | D:1      | Reached XP level 3. HP: 27/28 MP: 3/3
   865 | D:2      | Reached skill level 1 in Armour
   876 | D:2      | Reached XP level 4. HP: 34/34 MP: 4/4
   971 | D:2      | Reached skill level 5 in Ranged Weapons
   997 | D:2      | Noticed Sigmund
  1010 | D:2      | Killed Sigmund
  1011 | D:2      | Reached skill level 1 in Short Blades
  1011 | D:2      | Reached XP level 5. HP: 20/41 MP: 5/5
  1011 | D:2      | Reached XP level 6. HP: 23/47 MP: 6/6
  1472 | D:3      | Noticed Ijyb
  1480 | D:3      | Noticed Robin
  1491 | D:3      | Killed Ijyb
  1518 | D:3      | Killed Robin
  1664 | D:3      | Found a glowing drain.
  1689 | Sewer    | Entered a sewer
  1854 | Sewer    | Reached XP level 7. HP: 52/52 MP: 7/7
  2502 | D:3      | Found a hazy altar of Hepliaklqana.
  2513 | D:3      | Identified the +8 quarterstaff of Cyer {heavy, *Rage rN+
                  | Dex+3}
  2591 | D:3      | Noticed Terence
  2606 | D:3      | Killed Terence
  2710 | D:3      | Found a faded altar of an unknown god.
  2952 | D:3      | Found Oczocor's Distillery.
  2956 | D:3      | Bought a potion of lignification for 42 gold pieces
  2956 | D:3      | Bought a potion of lignification for 42 gold pieces
  2956 | D:3      | Bought a potion of curing for 42 gold pieces
  3185 | D:3      | Found a runed translucent door.
  3186 | D:3      | Noticed Crazy Yiuf
  3692 | D:4      | Found a staircase to the Ecumenical Temple.
  3725 | Temple   | Entered the Ecumenical Temple
  3731 | Temple   | Became a worshipper of Cheibriados the Contemplative
  3986 | D:4      | Found a broken altar of Ashenzari.
  4404 | D:4      | Found a runed translucent gate.
  4406 | D:4      | Found a runed translucent gate.
  4407 | D:4      | Found a runed translucent gate.
  4408 | D:4      | Found an opulent altar of Gozag.
  4409 | D:4      | Noticed Kiciri's ghost (amateur FoHu)
  4410 | D:4      | Noticed a steam dragon
  4427 | D:4      | Reached XP level 8. HP: 60/60 MP: 8/8
  4795 | D:5      | Entered Level 5 of the Dungeon
  4810 | D:5      | Reached skill level 1 in Invocations
  5010 | D:5      | Reached * piety under Cheibriados
  6640 | D:6      | Reached ** piety under Cheibriados
  6641 | D:6      | Reached XP level 9. HP: 44/66 MP: 10/10
  7160 | D:6      | Reached skill level 5 in Armour
  7423 | D:7      | Found a glowing silver altar of Zin.
  7586 | D:7      | Reached skill level 5 in Fighting
  8012 | D:7      | HP: 1/68 [acid dragon/splash of acid (12)]
  8324 | D:7      | Reached *** piety under Cheibriados
  8438 | D:7      | Noticed a death knight
  8442 | D:7      | You fall into a shaft and drop 2 floors!
  8535 | D:9      | Noticed a two-headed ogre
  8555 | D:9      | Reached skill level 1 in Shields
  8559 | D:9      | Killed a two-headed ogre
  8560 | D:9      | Reached skill level 5 in Short Blades
  8560 | D:9      | Reached skill level 2 in Shields
  8560 | D:9      | Reached XP level 10. HP: 61/76 MP: 12/12
  8675 | D:9      | Reached skill level 3 in Shields
  8929 | D:9      | Found a bloodstained altar of Trog.
  8991 | D:9      | Reached **** piety under Cheibriados
  9000 | D:9      | Reached skill level 4 in Shields
  9072 | D:9      | Found a staircase to the Lair.
  9107 | D:9      | Reached skill level 5 in Shields
  9251 | D:9      | Reached skill level 6 in Shields
  9278 | D:9      | Identified the staff of Duty {rF+ MP+9 Int-3 Dex+6 Fire}
  9425 | D:9      | Reached XP level 11. HP: 78/82 MP: 14/14
  9457 | D:9      | Reached skill level 7 in Shields
  9831 | D:8      | Found a transporter.
  9835 | D:8      | Reached ***** piety under Cheibriados
  9840 | D:8      | Found a transporter.
  9900 | D:8      | Found a shimmering blue altar of Sif Muna.
  9900 | D:8      | Found a blossoming altar of Fedhas.
 10005 | D:8      | Found a transporter.
 10007 | D:8      | Found a transporter.
 10133 | D:8      | Found a transporter.
 10135 | D:8      | Found a transporter.
 10511 | D:7      | You fall into a shaft and drop 3 floors!
 10511 | D:10     | Entered Level 10 of the Dungeon
 10515 | D:10     | Noticed a two-headed ogre
 10535 | D:10     | Reached skill level 5 in Dodging
 10548 | D:10     | Killed a two-headed ogre
 10549 | D:10     | Reached skill level 8 in Shields
 10781 | D:10     | Found a runed translucent door.
 10787 | D:10     | Found a runed translucent door.
 10889 | D:10     | Reached skill level 5 in Invocations
 11201 | D:10     | Reached skill level 9 in Shields
 11228 | D:10     | Found a shadowy altar of Dithmenos.
 11329 | D:10     | Noticed a two-headed ogre
 11334 | D:10     | Killed a two-headed ogre
 11527 | D:7      | You fall into a shaft and drop 2 floors!
 11615 | D:7      | Killed a death knight
 11849 | Lair:1   | Entered Level 1 of the Lair of Beasts
 11873 | Lair:1   | Noticed a catoblepas
 11876 | Lair:1   | Killed a catoblepas
 11877 | Lair:1   | Reached skill level 10 in Shields
 11877 | Lair:1   | Reached XP level 12. HP: 91/91 MP: 16/16
 11921 | Lair:1   | Noticed Nergalle
 11944 | Lair:1   | Killed Nergalle
 12137 | Lair:1   | Noticed xsansara's ghost (journeyman TrFi)
 12143 | Lair:1   | Found a transporter.
 12148 | Lair:1   | Found a white marble altar of Elyvilon.
 12429 | Lair:1   | Noticed Grum
 12648 | Lair:1   | Found a transporter.
 12701 | Lair:1   | Killed Grum
 12832 | Lair:1   | Reached skill level 11 in Shields
 12960 | Lair:1   | Reached skill level 10 in Ranged Weapons
 13080 | Lair:1   | Identified the +1 pair of boots of Gehenna {*Corrode rF+
                  | Str+3 Int+7}
 13101 | Lair:1   | Learned a level 3 spell: Call Canine Familiar
 13712 | Lair:2   | Reached ****** piety under Cheibriados
 13757 | Lair:2   | Reached skill level 1 in Summonings
 14165 | Lair:2   | Got the Incunable of Grim Mischance
 14209 | Lair:2   | Found a staircase to the Swamp.
 14517 | Lair:3   | Found a hole to the Spider Nest.
 14523 | Lair:3   | Reached skill level 1 in Spellcasting
 14805 | Lair:3   | Reached XP level 13. HP: 88/98 MP: 17/17
 14825 | Lair:3   | Reached skill level 12 in Shields
 15436 | Lair:3   | Reached skill level 1 in Long Blades
 15644 | Lair:3   | Found a runed translucent door.
 15649 | Lair:3   | Noticed anansati's ghost (journeyman DsAE)
 16167 | Lair:4   | Reached skill level 13 in Shields
 16256 | Lair:4   | Reached skill level 1 in Evocations
 16584 | Lair:4   | Reached XP level 14. HP: 84/106 MP: 19/19
 16740 | Lair:4   | Reached skill level 14 in Shields
 17001 | Lair:4   | Found a viscous altar of Jiyva.
 17001 | Lair:4   | Found a staircase to the Slime Pits.
 17418 | Lair:5   | Entered Level 5 of the Lair of Beasts
 17871 | Slime:1  | Entered Level 1 of the Pits of Slime
 18735 | Lair:5   | Reached skill level 15 in Shields
 18814 | Lair:5   | Identified the ring of Dasaem {Wiz ^Contam Str+4 Int+3}
 18973 | Lair:5   | Noticed Kirke
 19005 | Lair:5   | Killed Kirke
 19493 | Lair:5   | Found a runed translucent door.
 20030 | Lair:5   | Found a large runed translucent door.
 20145 | Lair:5   | Reached XP level 15. HP: 113/113 MP: 21/21
 20148 | Lair:5   | Found a large runed translucent door.
 20718 | D:11     | Reached skill level 10 in Armour
 20877 | D:11     | Noticed Fannar
 20905 | D:11     | Killed Fannar
 21057 | D:11     | Noticed Lodul
 21065 | D:11     | Killed Lodul
 22000 | D:12     | Found a staircase to the Orcish Mines.
 22114 | D:12     | Reached skill level 16 in Shields
 22739 | D:13     | Reached skill level 5 in Summonings
 22739 | D:13     | Noticed Azrael
 22953 | D:13     | Noticed an ironbound preserver
 22954 | D:13     | Killed Azrael
 22976 | D:13     | Killed an ironbound preserver
 23198 | D:13     | Found a gate to the Vaults.
 24364 | D:14     | Reached skill level 5 in Spellcasting
 24607 | D:14     | Reached XP level 16. HP: 122/122 MP: 23/23
 24790 | D:14     | Reached skill level 17 in Shields
 25121 | D:14     | Reached skill level 10 in Fighting
 25691 | D:15     | Entered Level 15 of the Dungeon
 25797 | D:15     | Found a staircase to the Depths.
 25797 | D:15     | Noticed a fire giant
 26052 | D:15     | Killed a fire giant
 26433 | D:15     | Identified the +1 long sword of the Beast {spect, rF+ rCorr
                  | Int+4}
 26436 | D:15     | Found an ancient bone altar of Kikubaaqudgha.
 26915 | Orc:1    | Entered Level 1 of the Orcish Mines
 26994 | Orc:1    | Found a runed translucent gate.
 26994 | Orc:1    | Found a runed translucent gate.
 26994 | Orc:1    | Found a runed translucent gate.
 26996 | Orc:1    | Identified the +0 plate armour of Mistrir {rPois rN+ Int-5}
 26997 | Orc:1    | Noticed Kuwn's ghost (journeyman HuDe)
 27010 | Orc:1    | Found a roughly hewn altar of Beogh.
 27086 | Orc:1    | Killed Kuwn's ghost
 27209 | Orc:2    | Entered Level 2 of the Orcish Mines
 27216 | Orc:2    | Noticed Saint Roka
 27494 | Orc:1    | You fall into a shaft and drop 1 floor!
 27509 | Orc:2    | Noticed Josephine
 27519 | Orc:2    | Killed Josephine
 27866 | Orc:1    | Reached skill level 5 in Long Blades
 28253 | Orc:2    | Noticed Urug
 28269 | Orc:2    | Killed Urug
 28431 | Orc:2    | Killed Saint Roka
 28433 | Orc:2    | Reached XP level 17. HP: 77/119 MP: 25/25
 28708 | Orc:2    | Noticed Blork the orc
 28895 | Orc:2    | Killed Blork the orc
 28916 | Orc:2    | Found a roughly hewn altar of Beogh.
 28917 | Orc:2    | Found Picosib's Antique Weapon Shoppe.
 28921 | Orc:2    | Reached skill level 10 in Short Blades
 29013 | Orc:2    | Found a staircase to the Elven Halls.
 29017 | Orc:2    | Found Ahaabeg's Antique Armour Shoppe.
 29251 | Orc:2    | Found Wyorphan's General Store.
 29263 | Orc:2    | Found Bicsucop's Weapon Emporium.
 29308 | Orc:2    | Found Kusmib's Jewellery Shoppe.
 29349 | Orc:2    | Found Kiha's Armour Shop.
 29501 | Orc:2    | Bought a scroll of acquirement for 624 gold pieces
 29501 | Orc:2    | Acquired 988 gold pieces
 29710 | Lair:1   | Killed xsansara's ghost
 29886 | Swamp:1  | Entered Level 1 of the Swamp
 29899 | Swamp:1  | Reached skill level 18 in Shields
 29900 | Swamp:1  | Reached skill level 5 in Evocations
 30040 | Swamp:1  | Noticed Jorgrun
 30053 | Swamp:1  | Killed Jorgrun
 30206 | Swamp:1  | Found a runed translucent door.
 30209 | Swamp:1  | Noticed Vemobof's ghost (adept MiFi)
 30629 | Swamp:2  | Noticed a thorn hunter
 30651 | Swamp:2  | Killed a thorn hunter
 30873 | Swamp:2  | Identified the +8 flail "Juifoof" {protect, rC+ MP+9}
 30956 | Swamp:2  | Noticed Roxanne
 31007 | Swamp:2  | Killed Roxanne
 31187 | Swamp:2  | Reached skill level 10 in Invocations
 31231 | Swamp:2  | Reached XP level 18. HP: 69/136 MP: 26/28
 32248 | Swamp:3  | Noticed Nikola
 32268 | Swamp:3  | Killed Nikola
 32646 | Swamp:4  | Entered Level 4 of the Swamp
 32682 | Swamp:4  | Reached skill level 19 in Shields
 33598 | Swamp:4  | Noticed Donald
 33619 | Swamp:4  | Killed Donald
 34182 | Swamp:4  | Noticed Mara
 34183 | Swamp:4  | Noticed Morbidden's illusion
 34379 | Swamp:4  | Noticed Morbidden's illusion
 34391 | Swamp:4  | Noticed Morbidden's illusion
 34408 | Swamp:4  | Noticed Morbidden's illusion
 34430 | Swamp:3  | Noticed Morbidden's illusion
 34432 | Swamp:3  | Noticed Morbidden's illusion
 34435 | Swamp:3  | Killed Mara
 34548 | Swamp:4  | Identified the serpent talisman of Hukodets {rElec rF++}
 34548 | Swamp:4  | Noticed Aizul
 34568 | Swamp:4  | Killed Aizul
 34572 | Swamp:4  | Reached XP level 19. HP: 77/144 MP: 30/30
 34745 | Swamp:4  | Noticed Mlioglotl
 34751 | Swamp:4  | Killed Mlioglotl
 34813 | Swamp:4  | Got a decaying rune of Zot
 35150 | Spider:1 | Entered Level 1 of the Spider Nest
 35967 | Spider:1 | Reached skill level 20 in Shields
 36248 | Spider:2 | Found a transporter.
 36249 | Spider:2 | Noticed Nuutul's ghost (adept SpEn)
 37127 | Spider:2 | Found a transporter.
 37179 | Spider:2 | You fall into a shaft and drop 1 floor!
 38268 | Spider:2 | Reached skill level 21 in Shields
 38535 | Lair:3   | Killed anansati's ghost
 38640 | Spider:2 | You fall into a shaft and drop 1 floor!
 38672 | Spider:4 | Entered Level 4 of the Spider Nest
 38686 | Spider:4 | Reached XP level 20. HP: 127/137 MP: 32/32
 38746 | Spider:4 | Learned a level 2 spell: Call Imp
 39924 | Spider:4 | Got a gossamer rune of Zot
 40101 | Spider:4 | Reached skill level 22 in Shields
 40492 | Elf:1    | Entered Level 1 of the Elven Halls
 41382 | Elf:1    | Found Vihunayg's Distillery.
 41396 | Elf:1    | Bought a potion of curing for 57 gold pieces
 41396 | Elf:1    | Bought a potion of heal wounds for 95 gold pieces
 41827 | Elf:1    | Gained mutation: You are dopey. (Int -2) [a neqoxec]
 41829 | Elf:1    | Noticed a Tzitzimitl
 41913 | Elf:2    | Found an ancient bone altar of Kikubaaqudgha.
 41916 | Elf:2    | Reached skill level 10 in Dodging
 41970 | Elf:2    | Found a crumbling gateway.
 41983 | Desolati | Entered the Desolation of Salt
 42240 | Desolati | Reached XP level 21. HP: 19/159 MP: 26/33
 42365 | Desolati | Reached skill level 23 in Shields
 42461 | Desolati | HP: 5/141 [ragged hierophant/a resonance strike (11)]
 42755 | Desolati | Got the Vellum of the Rough Faeries
 42878 | Desolati | Identified the staff of Departure {rPois Str+5 Alchemy}
 42985 | Desolati | Found the +8 Vampire's Tooth {megavamp}
 43007 | Desolati | Identified the staff of Xeurreschah {rN+ Str+5 Dex-2 Necro}
 43016 | Desolati | Identified the +10 rapier "Ypasha" {flame, rElec rPois
                  | Int+8 Dex-3}
 43022 | Desolati | Got the Guidebook on Illusory Peregrination
 43101 | Desolati | Got the Incunable of Skeletons and Transposition
 43653 | Elf:2    | Found a runed translucent gate.
 43654 | Elf:2    | Found a runed translucent gate.
 43654 | Elf:2    | Found a runed translucent gate.
 43784 | Elf:2    | Reached skill level 10 in Long Blades
 44004 | Elf:2    | Reached skill level 24 in Shields
 44477 | Elf:3    | Entered Level 3 of the Elven Halls
 44646 | Vaults:1 | Entered Level 1 of the Vaults
 44668 | Vaults:1 | Identified the +12 quarterstaff of Yredelemnul's Approval
                  | {heavy, rElec Int-4 Stlth+}
 45015 | Vaults:1 | Reached XP level 22. HP: 168/168 MP: 35/35
 45332 | Vaults:1 | You fall into a shaft and drop 1 floor!
 45334 | Vaults:2 | Reached skill level 25 in Shields
 45956 | Vaults:2 | Reached skill level 1 in Throwing
 46425 | Vaults:2 | Found a transporter.
 46425 | Vaults:2 | Noticed mojasp's ghost (adept OnBe)
 46427 | Vaults:2 | Noticed a golden dragon
 46438 | Vaults:2 | Found a transporter.
 46440 | Vaults:2 | Noticed hitsuchi's ghost (adept MDCA)
 47145 | Vaults:2 | You fall into a shaft and drop 2 floors!
 47220 | Vaults:4 | Noticed Margery
 47230 | Vaults:4 | Noticed Norris
 47232 | Vaults:4 | Reached skill level 26 in Shields
 47239 | Vaults:4 | Killed Margery
 47243 | Vaults:4 | Killed Norris
 47283 | Vaults:4 | Found a flickering gateway to a bazaar.
 47294 | Bazaar   | Entered a bazaar
 47294 | Bazaar   | Found Xihish's Distillery.
 47371 | Bazaar   | Found Ujumakuf's Jewellery Shoppe.
 47400 | Bazaar   | Found Conuomul's Antique Armour Shoppe.
 47422 | Bazaar   | Bought a potion of curing for 24 gold pieces
 47436 | Bazaar   | Bought the ring "Oqod" {rN+ Int+6 Dex+4 SInv} for 598 gold
                  | pieces
 47596 | Vaults:3 | Found a staircase to the Crypt.
 47806 | Vaults:3 | Reached skill level 10 in Summonings
 48098 | Vaults:3 | Reached XP level 23. HP: 157/175 MP: 36/36
 48542 | Vaults:3 | Found Enoydgh's Jewellery Shop.
 48867 | Vaults:3 | Reached skill level 10 in Spellcasting
 48988 | Vaults:2 | You fall into a shaft and drop 2 floors!
 49378 | Vaults:2 | Killed a golden dragon
 49384 | Vaults:2 | You fall into a shaft and drop 1 floor!
 49521 | Vaults:2 | Killed mojasp's ghost
 49522 | Vaults:2 | Reached skill level 10 in Evocations
 49547 | Vaults:2 | Killed hitsuchi's ghost
 49565 | Vaults:2 | Identified the +1 pair of gloves of the Tarantula {rC+}
 49567 | Vaults:2 | Identified the +1 hat of Impermeability {Str+2}
 49568 | Vaults:2 | Identified the +1 pair of gloves of the Delightful God
                  | {Dex+5}
 49569 | Vaults:2 | Identified the +1 pair of gloves "Karphofi" {rF- rN+ Dex+4}
 50595 | Vaults:1 | You fall into a shaft and drop 1 floor!
 51065 | Vaults:1 | Reached skill level 15 in Ranged Weapons
 51569 | Depths:1 | Entered Level 1 of the Depths
 51569 | Depths:1 | Found a gateway to Hell.
 51619 | Depths:1 | You fall into a shaft and drop 1 floor!
 51677 | Depths:1 | You fall into a shaft and drop 1 floor!
 52417 | Depths:1 | Found Byoczina's Assorted Antiques.
 52423 | Depths:1 | Found Liobamp's Distillery.
 52425 | Depths:1 | Bought a shimmering arbalest for 266 gold pieces
 52425 | Depths:1 | Identified the +11 arbalest of Cocytus {speed, rN+ Dex+3}
                  | (You bought it in a shop on level 1 of the Depths)
 52435 | Depths:1 | Bought a potion of heal wounds for 100 gold pieces
 52435 | Depths:1 | Bought 2 potions of heal wounds for 200 gold pieces
 52435 | Depths:1 | Bought a potion of heal wounds for 100 gold pieces
 52435 | Depths:1 | Bought a potion of heal wounds for 100 gold pieces
 52476 | Depths:1 | Found a shimmering blue altar of Sif Muna.
 52535 | Depths:1 | Reached XP level 24. HP: 184/184 MP: 37/37
 52607 | Depths:1 | Found a basalt altar of Yredelemnul.
 52619 | Depths:1 | Identified the +3 leather armour "Nedu Qau" {Will+ Int+6
                  | Dex-5}
 52677 | Depths:1 | Found a one-way gate leading to the halls of Pandemonium.
 52993 | Hell     | Entered the Vestibule of Hell
 53140 | Depths:2 | Identified the +0 scale mail of Failure {rC+ Str+2 Int-5}
 53934 | Depths:2 | Learned a level 6 spell: Summon Cactus Giant
 54473 | Elf:3    | Identified the ring of Xuich {rElec rN+ MP+9 Str-4 Int+4}
 54531 | Elf:3    | Reached skill level 27 in Shields
 54761 | Elf:3    | Identified the +9 broad axe "Ocibietu" {protect, rC++ SInv}
 54957 | Elf:3    | Found the +7 sceptre of Torment {pain, torment}
 55529 | Elf:3    | Identified the staff of Nightmares {rN+ Will+ Dex+2 Necro
                  | Ice Earth}
 55757 | Depths:3 | Noticed a caustic shrike
 55757 | Depths:3 | Noticed a caustic shrike
 55757 | Depths:3 | Noticed a caustic shrike
 55758 | Depths:3 | Noticed a caustic shrike
 55760 | Depths:3 | Killed a caustic shrike
 55760 | Depths:3 | Killed a caustic shrike
 55760 | Depths:3 | Killed a caustic shrike
 55760 | Depths:3 | Killed a caustic shrike
 55773 | Depths:3 | Found a flickering gateway to a bazaar.
 55780 | Bazaar   | Entered a bazaar
 55794 | Bazaar   | Found Winoap's Armour Emporium.
 55807 | Bazaar   | Found Muisuegu's Magic Scroll Emporium.
 55807 | Bazaar   | Found Mynutz's Distillery.
 55811 | Bazaar   | Bought a potion of curing for 33 gold pieces
 55811 | Bazaar   | Bought a potion of curing for 33 gold pieces
 55811 | Bazaar   | Bought a potion of resistance for 110 gold pieces
 55811 | Bazaar   | Bought a potion of ambrosia for 88 gold pieces
 55817 | Bazaar   | Bought a scroll of immolation for 44 gold pieces
 55817 | Bazaar   | Bought a scroll of enchant armour for 82 gold pieces
 55817 | Bazaar   | Bought a scroll of enchant weapon for 82 gold pieces
 55817 | Bazaar   | Bought a scroll of butterflies for 44 gold pieces
 55817 | Bazaar   | Bought a scroll of fear for 44 gold pieces
 55817 | Bazaar   | Bought a scroll of fear for 44 gold pieces
 55830 | Bazaar   | Found Fujemmej's Assorted Antiques.
 55834 | Bazaar   | Bought an ivory ring for 110 gold pieces
 55845 | Bazaar   | Found Fuint's Jewellery Shoppe.
 55888 | Depths:3 | Found a magical portal.
 55893 | WizLab   | Entered The Chambers of the Cloud Mage
 56170 | WizLab   | Reached XP level 25. HP: 192/192 MP: 38/38
 56709 | WizLab   | Got the Guide on Austromancy
 56711 | WizLab   | Got Sororgh's Final Tome of the Wisdom of the Ancients
 56720 | WizLab   | Identified the +9 quick blade of the Wolf {holy, rPois rN+}
 57163 | Depths:3 | Acquired an amulet of reflection
 57280 | Depths:3 | Found a one-way gate to the infinite horrors of the Abyss.
 57303 | Depths:3 | Found a shimmering blue altar of Sif Muna.
 57303 | Depths:3 | Identified the +3 robe "Laghoobe" {rC+++ Int-3}
 57303 | Depths:3 | Noticed Boris
 57307 | Depths:3 | Found a transporter.
 57310 | Depths:3 | Noticed an ancient lich
 57764 | Depths:4 | Entered Level 4 of the Depths
 57780 | Depths:3 | Upgraded the game from 0.32-a0-460-gc8eefc90e7 to
                  | 0.32-a0-470-g255bbe2f98
 58874 | Depths:3 | Found a one-way gate to the infinite horrors of the Abyss.
 58890 | Depths:3 | Found a shimmering blue altar of Sif Muna.
 58894 | Depths:3 | Found a transporter.
 59315 | Depths:4 | Reached skill level 15 in Armour
 59337 | Depths:4 | Found a one-way gateway to a ziggurat.
 59393 | Depths:4 | Reached skill level 15 in Fighting
 59898 | Depths:4 | Found a gate to the Realm of Zot.
 59954 | Depths:4 | Found Xulom's Jewellery Emporium.
 59954 | Depths:4 | Found Zaam's Book Shop.
 59955 | Depths:4 | Found Onwub's Book Shop.
 59961 | Depths:4 | Bought a manual of Evocations for 1200 gold pieces
 59969 | Depths:4 | Bought the ring "Tyun" {AC+4 Dex+7} for 750 gold pieces
 60342 | Crypt:1  | Entered Level 1 of the Crypt
 61494 | Crypt:3  | Entered Level 3 of the Crypt
 61727 | Crypt:3  | Found a basalt altar of Yredelemnul.
 61765 | Crypt:3  | Reached XP level 26. HP: 202/202 MP: 38/38
 61891 | Crypt:3  | Reached skill level 15 in Long Blades
 61899 | Crypt:3  | Identified the staff of the Establishment {Fly rN+ Necro}
 62190 | Crypt:3  | Found a staircase to the Tomb.
 62445 | Crypt:3  | Reached skill level 1 in Shapeshifting
 62594 | Crypt:3  | Noticed Sojobo
 62602 | Crypt:3  | Killed Sojobo
 63469 | Slime:2  | Gained mutation: You are frail. (-10% HP) [a shining eye]
 63481 | Slime:2  | Noticed Dissolution
 63494 | Slime:2  | Killed Dissolution
 63624 | Slime:5  | Entered Level 5 of the Pits of Slime
 63848 | Slime:5  | Gained mutation: Potions are less effective at restoring
                  | your health. [a shining eye]
 63879 | Slime:5  | Noticed the Royal Jelly
 64479 | Slime:3  | Gained mutation: Potions cannot restore your health. [a
                  | shining eye]
 64677 | Slime:4  | Gained mutation: You are clumsy. (Dex -2) [a shining eye]
 64680 | Slime:4  | Gained mutation: You are very dopey. (Int -4) [a shining
                  | eye]
 64681 | Slime:4  | Gained mutation: You have hidden genetic defects. [a
                  | shining eye]
 65085 | Slime:5  | Killed the Royal Jelly
 65308 | Slime:5  | Identified the +2 cloak "Geudomm" {Rampage Dex+2 SInv
                  | Stlth+}
 65481 | Slime:5  | Reached XP level 27. HP: 189/189 MP: 39/39
 65488 | Slime:5  | Gained mutation: You are very frail. (-20% HP) [hidden
                  | defects]
 65527 | Slime:5  | Identified the staff of Obiter Dictum {rElec Int+4 Summ
                  | Air}
 65536 | Slime:5  | Got a slimy rune of Zot
 65537 | Slime:5  | Identified the +3 glaive of Jeuram {holy, Int+3}
 66213 | Hell     | Noticed Geryon
 66217 | Depths:1 | Lost mutation: You are very frail. (-20% HP) [potion of
                  | mutation]
 66217 | Depths:1 | Lost mutation: You have hidden genetic defects. [potion of
                  | mutation]
 66217 | Depths:1 | Lost mutation: You are very dopey. (Int -4) [potion of
                  | mutation]
 66217 | Depths:1 | Gained mutation: You do not regenerate when monsters are
                  | visible. [potion of mutation]
 66217 | Depths:1 | Gained mutation: Your body sometimes deteriorates upon
                  | taking damage. [potion of mutation]
 66218 | Depths:1 | Lost mutation: Potions cannot restore your health. [potion
                  | of mutation]
 66218 | Depths:1 | Lost mutation: Your body sometimes deteriorates upon taking
                  | damage. [potion of mutation]
 66218 | Depths:1 | Gained mutation: Your magical capacity is low. (-10% MP)
                  | [potion of mutation]
 66219 | Depths:1 | Lost mutation: Potions are less effective at restoring your
                  | health. [potion of mutation]
 66219 | Depths:1 | Lost mutation: You are clumsy. (Dex -2) [potion of
                  | mutation]
 66219 | Depths:1 | Lost mutation: You are dopey. (Int -2) [potion of mutation]
 66219 | Depths:1 | Gained mutation: You occasionally shout uncontrollably at
                  | your foes. [potion of mutation]
 66219 | Depths:1 | Lost mutation: Your magical capacity is low. (-10% MP)
                  | [potion of mutation]
 66219 | Depths:1 | Gained mutation: You possess an exceptional clarity of
                  | mind. [potion of mutation]
 66220 | Depths:1 | Lost mutation: You are frail. (-10% HP) [potion of
                  | mutation]
 66220 | Depths:1 | Lost mutation: You occasionally shout uncontrollably at
                  | your foes. [potion of mutation]
 66220 | Depths:1 | Gained mutation: You occasionally lose the ability to read
                  | scrolls when taking damage. [potion of mutation]
 66220 | Depths:1 | Gained mutation: You are partially covered in iridescent
                  | scales. (AC +2) [potion of mutation]
 66220 | Depths:1 | Gained mutation: Your mind is acute. (Int +4, Str/Dex -1)
                  | [potion of mutation]
 66221 | Depths:1 | Lost mutation: You do not regenerate when monsters are
                  | visible. [potion of mutation]
 66221 | Depths:1 | Lost mutation: You are partially covered in iridescent
                  | scales. (AC +2) [potion of mutation]
 66221 | Depths:1 | Lost mutation: You occasionally lose the ability to read
                  | scrolls when taking damage. [potion of mutation]
 66221 | Depths:1 | Gained mutation: You are partially covered in iridescent
                  | scales. (AC +2) [potion of mutation]
 66290 | Hell     | Killed Geryon
 66432 | Hell     | Upgraded the game from 0.32-a0-470-g255bbe2f98 to
                  | 0.32-a0-534-ga61f84b8bd
 66463 | Hell     | Found a gateway to the freezing wastes of Cocytus.
 66572 | Hell     | Found a gateway to the Iron City of Dis.
 66895 | Hell     | Found a gateway to the ashen valley of Gehenna.
 67038 | Hell     | Found a gateway to the decaying netherworld of Tartarus.
 67451 | Vaults:5 | Entered Level 5 of the Vaults
 67513 | Vaults:5 | Noticed a dread lich
 67531 | Vaults:5 | Killed a dread lich
 67535 | Vaults:5 | Identified the ring "Achojeigh" {Wiz Str+3}
 67543 | Vaults:5 | Identified the +8 falchion "Pipnuf" {heavy, rElec}
 67545 | Vaults:5 | Noticed a dread lich
 67603 | Vaults:5 | Killed a dread lich
 67822 | Vaults:5 | Identified the +7 quarterstaff of Wugeplof {flame, rF+}
 67856 | Vaults:5 | Identified the +0 shadow dragon scales "Ryxicw" {Rampage
                  | rC- Str+4 Stlth++++}
 67864 | Vaults:5 | Identified the ring of Welih {MP+9 Int+3 Stlth+}
 68113 | Vaults:5 | Identified the staff of Mens Rea {rN+ Necro Fire Air}
 68147 | Vaults:5 | Identified the ring of the Aged Spreadsheets {rElec rF+ rC+
                  | Dex+3}
 68209 | Vaults:5 | Identified the +1 ring mail "Vofahes" {rElec rF+ Will-
                  | rCorr}
 68215 | Vaults:5 | Got a silver rune of Zot
 68670 | Vaults:5 | Upgraded the game from 0.32-a0-534-ga61f84b8bd to
                  | 0.32-a0-543-gefe97123c3
 69703 | Zot:1    | Entered Level 1 of the Realm of Zot
 69717 | Zot:1    | Reached skill level 5 in Shapeshifting
 69837 | Zot:1    | Found a runed translucent door.
 69841 | Zot:1    | Noticed Ydililac's ghost (legendary GrEE)
 70015 | Zot:1    | Noticed Vv
 70036 | Zot:1    | Killed Vv
 70573 | Zot:1    | Identified the staff "Trog's Fury" {^Fragile rF- SInv Summ
                  | Earth}
 70574 | Zot:1    | Identified the +9 short sword of the Bespelling Rat {flame,
                  | rF++}
 70597 | Zot:1    | Identified the staff of Zibracil {Int+7 Stlth+ Earth}
 70890 | Zot:2    | Found a snail-covered altar of Cheibriados.
 71144 | Zot:2    | Noticed a Killer Klown
 71151 | Zot:2    | Killed a Killer Klown
 71185 | Zot:2    | Noticed a Killer Klown
 71194 | Zot:2    | Killed a Killer Klown
 71508 | Zot:2    | Reached skill level 15 in Evocations
 71982 | Depths:3 | You fall into a shaft and drop 1 floor!
 72024 | Depths:3 | Voluntarily entered the Abyss.
 72024 | Abyss:1  | Found a corrupted altar of Lugonu.
 72158 | Abyss:1  | Gained mutation: You are vulnerable to cold. (rC-) [a
                  | neqoxec]
 72218 | Abyss:2  | Found a transporter.
 72218 | Abyss:2  | Found a corrupted altar of Lugonu.
 72248 | Abyss:2  | Found a transporter.
 72274 | Abyss:2  | Found a corrupted altar of Lugonu.
 72285 | Abyss:2  | Identified the ring of Cecul {rPois rC++ Will- Dex+3
                  | Stlth+}
 72328 | Abyss:2  | Found a transporter.
 72652 | Abyss:3  | Got an abyssal rune of Zot
 72800 | Depths:3 | Escaped the Abyss
 72803 | Depths:3 | Upgraded the game from 0.32-a0-543-gefe97123c3 to
                  | 0.32-a0-818-gb728d0252e
 72805 | Depths:3 | Quit the game

Illustrated notes

Levels and vault maps discovered:
D:1:      scummos_arrival_simple_crosswalls, layout_rooms, minmay_door_square
D:2:      layout_loops_ring, minmay_misc_feat_alley, uniq_sigmund
D:3:      layout_loops_corners, nicolae_hepliaklqana_monster_ancestors,
          dreamdust_ecumenical_altar_grove, portal_sewer_entry_a, serial_shops,
          nicolae_shop_back_alley_shop, uniq_robin, uniq_crazy_yiuf_cottage,
          uniq_terence, uniq_ijyb
D:4:      layout_loops_corners, mainiacjoe_overflow_catwalk, temple_fountains,
          ebering_ghost_gozag, lemuel_flame_loot_1
D:5:      layout_gridville, minmay_misc_feat_cross, kennysheep_generic_room_16
D:6:      layout_rooms, serial_library_hellmonk_h_bend
D:7:      hangedman_cross_stitches, layout_rooms, kennysheep_mini,
          serial_curves, eino_curves_03, eino_curves_03,
          nicolae_nh_ransacked_shop
D:8:      layout_gridville, nicolae_overflow_two_pavilions,
          minmay_misc_feat_four_crosses, st_stairs_1, serial_nicolae_subway,
          nicolae_sub_station_crystal, nicolae_sub_station_stone,
          nicolae_sub_station_metal
D:9:      layout_basic, trog_three_pillars_becter, due_lair_maze_entry_diamond,
          kennysheep_nondescript
D:10:     lemuel_insect_pit, layout_basic, grunt_dithmenos_smoke_and_mirrors
D:11:     layout_basic, uniq_fannar, uniq_lodul
D:12:     layout_roguey, zombieorc2_lemuel
D:13:     layout_basic, skrybe_vaults_entry_preservation, uniq_azrael
D:14:     minmay_the_grid_octo_tiled_octocenter_mashed
          [minmay_the_grid_octo_empty, minmay_the_grid_octo_checkerflower,
          minmay_the_grid_octo_tetromino_candy,
          minmay_the_grid_octo_thin_diamonds,
          minmay_the_grid_octo_prize_square_snowflake,
          minmay_the_grid_square_5x5_mess, minmay_the_grid_square_5x5_lines,
          minmay_the_grid_square_5x5_moneybag,
          minmay_the_grid_square_5x5_three_walls], layout_irregular_city
D:15:     grunt_enter_depths_giant_problem, layout_loops_cross,
          hangedman_abyss_or_decor_stabs, kiku_gazebo_pond_becter
Temple:   minmay_freezing_vapour_temple
Lair:1:   minmay_lair_oklob_tunnel, layout_long_grid, gammafunk_ghost_arena,
          lemuel_oklob_altar, uniq_grum, uniq_nergalle
Lair:2:   layout_chaotic_city, minmay_swamp_entry_wisps, grunt_megastairs_5
Lair:3:   layout_small_grid, spider_nest_entry_web_field,
          ebering_ghost_reflecting_pool, infiniplex_staircase_pool_2
Lair:4:   layout_misc_corridors, dpeg_slime_entry_corner, special_room
          [special_room_bee]
Lair:5:   cheibrodos_lair_end_hotspot, layout_regular_city,
          chequers_serial_rivers_room_a, pdpol_lair_cabin_in_the_woods,
          uniq_kirke
Swamp:1:  layout_basic_swamp, gammafunk_ghost_grave, hangedman_swamp_pad,
          infiniplex_staircase_pool, uniq_jorgrun
Swamp:2:  layout_basic_swamp, hangedman_swamp_ruin_wall, swamp_pool_3,
          st_shrine_of_shade, uniq_roxanne
Swamp:3:  nicolae_swamp_husk_halls, layout_basic_swamp,
          evilmike_swamp_ruin_house_4, uniq_nikola
Swamp:4:  swamp, layout_basic_swamp, nicolae_swamp_long_stream, uniq_donald,
          uniq_aizul, uniq_mara, uniq_mlioglotl
Spider:1: layout_spider_delve, nicolae_spider_orb_run,
          hangedman_spider_tarantella_strand
Spider:2: layout_spider_delve, gammafunk_ghost_mausoleum
Spider:3: layout_spider_delve, nicolae_spider_eight_legs
Spider:4: guppyfry_spider_rune
Slime:1:  layout_caves
Slime:2:  layout_caves, nicolae_slime_phagocytosis, uniq_dissolution
Slime:3:  nicolae_slime_jelly_donut, layout_caves
Slime:4:  layout_caves
Slime:5:  slime_pit_nicolae_inversion
Orc:1:    layout_diamond_mine, biasface_ghost_orc_armoury
Orc:2:    grunt_orc_cross, layout_caves, serial_shops, nicolae_square_shop,
          nicolae_shop_crystal, uniq_josephine, uniq_saint_roka
Elf:1:    eino_elf_arrival_sip, layout_loops_corners, serial_shops,
          nicolae_shop_window_shopping, kennysheep_underground_church
Elf:2:    nicolae_elf_blades_crystal_corner, layout_rooms, basic_altar,
          portal_desolation_entry_nicolae_forbidding_blocks
Elf:3:    grunt_elf_hall_diamonds, layout_gridlike, serial_library,
          serial_library_hellmonk_layered_room,
          serial_library_regret_index_branch_corner,
          serial_library_hellmonk_hallway_b,
          serial_library_hellmonk_small_alcove, nrook_mini_backslash
Vaults:1: ontoclasm_vaults_claustrophobia, nicolae_vaults_shelves_hall,
          v_misc_12, nicolae_vaults_big_angled_halls, hangedman_vaults_snaps,
          vaults_dpeg_emergency_exit, nicolae_vaults_mitosis,
          nicolae_vaults_frosty_reception, nicolae_vaults_meiosis,
          v_alt_pattern_5, nicolae_vaults_trapezoid_1, layout_vaults_omnibox
Vaults:2: nzn_ghost_randoct, hangedman_vaults_stretched_pinwheel,
          ontoclasm_vaults_bender, nicolae_vaults_apartment_2,
          nicolae_vaults_tetromino_L_1, nicolae_vaults_alarming,
          nicolae_vaults_diffraction_hallways, ontoclasm_vaults_eye,
          nicolae_vaults_rhombus_6, nicolae_vaults_closet_pinwheel_5,
          vaults_room_pools, nicolae_vaults_double_plus_1,
          nicolae_vaults_double_plus_2, layout_vaults_chaotic_city
Vaults:3: vaults_room_fancy_cross, minmay_crypt_entry_simple_plaza,
          grunt_vaults_hallway_long, vaults_mumra_chevron_long,
          nicolae_vaults_apartment_2, nicolae_vaults_double_plus_1,
          nicolae_vaults_tetromino_Z_1, nicolae_vaults_trapezoid_lopsided_2,
          vaults_mumra_hexcomb, nicolae_vaults_closet_pinwheel_2,
          vaults_dpeg_encased_lava, layout_vaults_omnicross, serial_shops, shop
Vaults:4: vaults_standard_mumra_enter_the_diamond, nicolae_vaults_diamond_2,
          hangedman_vaults_slither, vaults_room_fancy_cross,
          nicolae_vaults_storage_room_glass, nicolae_vaults_closet_pinwheel_1,
          nicolae_vaults_tetromino_Z_1, v_misc_8, layout_vaults_ring,
          serial_shops, bzr_entry_water, uniq_margery, uniq_norris
Vaults:5
Crypt:1:  layout_misc_corridors
Crypt:2:  layout_rooms, roderic_lattice_octagonal_star
Crypt:3:  grunt_crypt_end_deaths_head, uniq_josephina, uniq_sojobo
Depths:1: layout_big_octagon, hell_entry, rand_demon_pan_entry_3,
          old_standard_altar, hellmonk_sif_muna_bookshelves, minmay_shoptagon,
          nicolae_triple_integral
Depths:2: minmay_dotted_concentric_squares, layout_twisted_cross,
          serial_co_window_serial, co_window_corner_a, co_window_paths_b,
          co_window_corner_a, co_window_paths_a, co_window_paths_a,
          co_window_corner_a, co_window_paths_b, co_window_broadway_c,
          co_window_2corner, glass_columns_b, grunt_pan_entry_sceptre,
          pf_hell_entry_tar_spiral
Depths:3: gammafunk_sealed_library, layout_cave_shapes, mu_enter_wizlab_2,
          abyss_entry, hex_tiny, hell_entry, serial_shops, statue_bzr,
          uniq_boris
Depths:4: evilmike_zot_entry_diamond, layout_cave_pools, enter_ziggurat_b,
          rand_demon_pan_entry_1, hell_entry, minivault_14, minmay_shop_grove
Hell
Zot:1:    layout_onion_interference, hellmonk_ghost_big_iron,
          st_large_dragon_hoard_2, grunt_megastairs_4, uniq_vv
Zot:2:    layout_gridville, regret_index_zotdec_serpentine_scales

Skill      XL: |  1  2  3  4  5  6  7  8  9 10 11 12 13 14 15 16 17 18 19 20 21 22 23 24 25 26 27 |
---------------+----------------------------------------------------------------------------------+-----
Armour         | 1 2 3 4 6 7 8 9 10 11 12 13 14 15 17 | 17.1
Ranged Weapons | 5 6 7 8 9 10 11 12 13 14 15 16 17 | 17.4
Fighting       | 3 4 6 7 8 9 10 11 12 13 14 15 16 17 | 17.8
Short Blades   | 1 2 3 5 6 7 8 9 10 11 12 13 | 13.1
Dodging        | 2 3 4 5 6 7 8 9 10 11 12 13 | 13.6
Invocations    | 2 3 4 5 6 7 8 9 10 11 12 13 | 13.0
Stealth        | 2 3 |  3.7
Shields        | 2 6 10 11 13 15 16 17 18 19 21 22 24 26 27 | 27.0
Summonings     | 2 3 4 5 6 7 8 9 10 11 12 13 | 13.4
Spellcasting   | 1 3 4 5 6 7 8 9 10 11 12 13 | 13.3
Long Blades    | 2 3 5 6 7 9 10 12 13 14 16 18 | 18.8
Evocations     | 1 2 3 4 5 6 7 8 9 10 11 12 13 15 | 15.4
Throwing       | 1 |  1.0
Shapeshifting  | 3 6 |  6.4
Unarmed Combat | |  0.2

Action                     |  1- 3 |  4- 6 |  7- 9 | 10-12 | 13-15 | 16-18 | 19-21 | 22-24 | 25-27 || total
---------------------------+-------+-------+-------+-------+-------+-------+-------+-------+-------++-------
  Melee: Dagger            |    45 |   146 |   374 |   618 |   908 |    46 |       |       |       ||  2137
         Scimitar          |       |       |       |       |   334 |   613 |    30 |       |       ||   977
         Great sword       |       |       |       |       |       |   225 |       |       |       ||   225
         Demon blade       |       |       |       |       |       |    19 |  1003 |       |       ||  1022
         Quick blade       |       |       |       |       |       |       |  1056 |  1929 |  1476 ||  4461
         Triple sword      |       |       |       |       |       |       |       |   669 |  1096 ||  1765
         Unarmed           |       |       |       |       |       |       |       |       |     5 ||     5
   Fire: Shortbow          |    53 |    27 |   185 |   129 |       |       |       |       |       ||   394
         Arbalest          |       |       |       |    64 |   223 |   536 |   254 |   297 |   401 ||  1775
  Throw: Dart              |       |       |       |     6 |       |     5 |     8 |     4 |       ||    23
   Cast: Call Canine Famil |       |       |       |       |       |     3 |     5 |     4 |     3 ||    15
         Call Imp          |       |       |       |       |       |       |     3 |     4 |     1 ||     8
         Summon Cactus Gia |       |       |       |       |       |       |       |       |     3 ||     3
 Invoke: Slouch            |       |       |       |     1 |    17 |    21 |    22 |    17 |    21 ||    99
         Step From Time    |       |       |       |       |       |       |     2 |     4 |     1 ||     7
Ability: Dig               |       |     1 |     1 |     3 |    10 |     4 |    10 |     4 |     1 ||    34
         Shaft Self        |       |       |     1 |     2 |       |     1 |     2 |     7 |     1 ||    14
  Evoke: Wand              |       |       |     1 |     7 |     3 |     4 |    33 |     3 |    47 ||    98
         Lightning rod     |       |       |       |       |    12 |     3 |     4 |    16 |       ||    35
         Sack of spiders   |       |       |       |       |       |     3 |     4 |     3 |     4 ||    14
         Tin of tremorston |       |       |       |       |       |       |     4 |     5 |     8 ||    17
         Phantom mirror    |       |       |       |       |       |       |       |     2 |     2 ||     4
         Horn of Geryon    |       |       |       |       |       |       |       |       |     1 ||     1
    Use: Scroll            |       |     5 |     2 |     6 |     8 |    13 |    15 |    18 |    11 ||    78
         Potion            |       |       |     4 |       |       |     8 |    17 |     5 |     9 ||    43
   Stab: Held in net/web   |       |     1 |       |       |       |       |     1 |       |     1 ||     3
         Invisible         |       |       |       |       |     1 |     1 |       |       |       ||     2
         Distracted        |       |       |       |       |       |     2 |     2 |     4 |     3 ||    11
         Sleeping          |       |       |       |       |       |       |     5 |       |       ||     5
         Confused          |       |       |       |       |       |       |       |       |     1 ||     1
 Armour: Leather armour    |     4 |       |       |       |       |       |       |       |       ||     4
         Plate armour      |    56 |   182 |   465 |   287 |   434 |   472 |   505 |   287 |       ||  2688
         Skin              |       |       |     4 |       |       |     3 |    34 |    15 |       ||    56
         Shadow dragon sca |       |       |       |       |       |       |    32 |       |       ||    32
         Gold dragon scale |       |       |       |       |       |       |       |   336 |   836 ||  1172
  Dodge: Dodged            |    16 |    36 |   166 |   156 |   343 |   343 |   714 |   888 |   943 ||  3605
         Repelled          |       |       |       |       |       |       |       |       |    12 ||    12
  Block: Tower shield      |       |       |    40 |   859 |  1701 |  1730 |  2820 |  2766 |  3409 || 13325
         Form:             |     1 |       |       |       |       |       |       |       |       ||     1
         Storm             |     1 |       |       |       |       |       |       |       |       ||     1

Table legend: (Time is in decaauts)
 A = Elapsed time spent in this place.
 B = Non-inter-level travel time spent in this place.
 C = Inter-level travel time spent in this place.
 D = Time resting spent in this place.
 E = Time spent auto-exploring this place.
 F = Levels seen in this place.
 G = Mean time per level.
                   A        B        C        D        E       F      G
               +--------+--------+--------+--------+--------+-----+--------+
         Total | 105765 |  92121 |  13644 |  12467 |  57851 |  62 | 1705.9 |
       Dungeon |  25287 |  21575 |   3712 |   3367 |  14127 |  15 | 1685.8 |
        Temple |     12 |      7 |      5 |      0 |      0 |   1 |   12.0 |
          Lair |  15211 |  12744 |   2467 |   1764 |   8643 |   5 | 3042.2 |
         Swamp |   7216 |   6950 |    266 |   1948 |   3180 |   4 | 1804.0 |
   Spider Nest |   7459 |   6534 |    925 |    645 |   4185 |   4 | 1864.8 |
    Slime Pits |   3656 |   3263 |    393 |    865 |   1432 |   5 |  731.2 |
  Orcish Mines |   3779 |   3424 |    355 |    615 |   1783 |   2 | 1889.5 |
   Elven Halls |   6070 |   5499 |    571 |    302 |   3462 |   3 | 2023.3 |
        Vaults |  13378 |  10229 |   3149 |    444 |   7209 |   5 | 2675.6 |
         Crypt |   3589 |   3396 |    193 |    217 |   2222 |   3 | 1196.3 |
        Depths |  10117 |   8714 |   1403 |   1232 |   5836 |   4 | 2529.2 |
          Hell |   1247 |   1246 |      1 |      0 |    839 |   1 | 1247.0 |
           Zot |   3349 |   3149 |    200 |    142 |   2513 |   2 | 1674.5 |
         Abyss |   1062 |   1062 |      0 |     34 |    458 |   3 |  354.0 |
        Bazaar |    363 |    363 |      0 |      0 |    140 |   2 |  181.5 |
         Sewer |   1002 |   1002 |      0 |      3 |    720 |   1 | 1002.0 |
        Wizlab |   1122 |   1122 |      0 |    273 |    364 |   1 | 1122.0 |
    Desolation |   1837 |   1837 |      0 |    612 |    732 |   1 | 1837.0 |
               +--------+--------+--------+--------+--------+-----+--------+

Top non-repeatable levels by time:
Depths:3: 4312 daAuts
Vaults:2: 4082 daAuts
  Lair:5: 3757 daAuts
  Lair:1: 3459 daAuts
  Lair:3: 3409 daAuts
Depths:2: 2814 daAuts
  Lair:4: 2669 daAuts
Vaults:3: 2648 daAuts
Vaults:1: 2623 daAuts
   Orc:2: 2478 daAuts
    D:14: 2465 daAuts
   Elf:1: 2384 daAuts
     D:9: 2325 daAuts
    D:12: 2220 daAuts
    D:15: 2217 daAuts
